 Dungeon Crawl Stone Soup version 0.21.0 (console) character file.

175597 Kloppie the Warrior (level 17, 0/244 HPs)
             Began as a Minotaur Fighter on Jan 7, 2018.
             Was the Champion of Okawaru.
             Slain by the 27-headed Lernaean hydra (6 damage)
             ... on level 4 of the Swamp on Jan 8, 2018.
             The game lasted 00:48:02 (25605 turns).

Kloppie the Warrior (Minotaur Fighter)             Turns: 25605, Time: 00:48:03

Health: 0/244      AC: 28    Str: 28    XL:     17   Next: 48%
Magic:  23/23      EV:  2    Int:  5    God:    Okawaru [******]
Gold:   1781       SH:  0    Dex: 10    Spells: 16/16 levels left

rFire    + + .     SeeInvis .   a - +3 morningstar (crush)
rCold    . . .     Gourm    .   r - +2 shield
rNeg     + + +     Faith    .   (armour currently unavailable)
rPois    +         Spirit   .   (helmet currently unavailable)
rElec    .         Reflect  .   (cloak currently unavailable)
rCorr    .         Harm     .   (gloves currently unavailable)
MR       +....     NoTele   +   (boots currently unavailable)
Stlth    +.........             p - amulet of regeneration
HPRegen  0.90/turn              c - ring of protection from fire
MPRegen  0.18/turn              w - ring of protection from fire

@: confused, tree-form, petrifying (expiring), very slow
A: (retaliatory headbutt)
a: Heroism, Finesse, Renounce Religion


You were on level 4 of the Swamp.
You worshipped Okawaru.
Okawaru was exalted by your worship.
You were not hungry.
You were a tree.
You visited 5 branches of the dungeon, and saw 27 of its levels.
You visited 1 bazaar.

You collected 2307 gold pieces.
You spent 526 gold pieces at shops.

Inventory:

Hand Weapons
 a - a +3 morningstar of crushing (weapon)
 b - a +0 war axe
 R - a +2 morningstar of protection
Armour
 h - the +0 pair of fencer's gloves (melded) {+Riposte Dex+3}
   (Okawaru gifted it to you on level 10 of the Dungeon)

   It affects your dexterity (+3).
 r - a +2 shield (worn)
 G - the +1 hat of the Disturbing Dances (melded) {-Tele Str+6 SInv}
   (Okawaru gifted it to you on level 15 of the Dungeon)

   It affects your strength (+6).
   It lets you see invisible.
   It prevents most forms of teleportation.
 M - a +2 plate armour of poison resistance (melded)
 N - a scarf of spirit shield (melded)
 V - a scarf of repulsion
 Y - the +2 pair of boots "Cerezasa" (melded) {Regen+}
   (You found it on level 12 of the Dungeon)

   It increases your rate of regeneration.
Jewellery
 c - a ring of protection from fire (left branch)
 i - an uncursed amulet of the gourmand
 p - an amulet of regeneration (around neck)
 w - a ring of protection from fire (right branch)
 B - a +3 amulet of reflection
 C - an uncursed amulet of guardian spirit
Wands
 m - a wand of paralysis (26)
 t - a wand of acid (37)
 x - a wand of flame (60)
 z - a wand of enslavement (15)
 H - a wand of clouds (3)
 I - a wand of iceblast (8)
 Q - a wand of polymorph (9)
 X - a wand of random effects (32)
Scrolls
 e - 7 scrolls of identify
 n - 11 scrolls of remove curse
 v - 6 scrolls of blinking
 y - 2 scrolls of magic mapping
 E - 12 scrolls of teleportation
 J - 4 scrolls of enchant weapon
 L - a scroll of vulnerability
 O - a scroll of amnesia {unknown}
 P - a scroll of fog
 S - 3 scrolls of random uselessness
Potions
 d - 2 potions of might
 k - 3 potions of curing
 l - 3 potions of magic
 s - 7 potions of lignification
 u - 4 potions of flight
 A - 2 potions of mutation
 F - 4 potions of brilliance
 W - a potion of haste
Books
 g - a book of Unlife

   Spells                             Type                      Level
   a - Recall                         Summoning/Translocation      3
   b - Animate Dead                   Necromancy                   4
   c - Borgnjor's Vile Clutch         Necromancy/Earth             5
   d - Death Channel                  Necromancy                   6
   e - Simulacrum                     Ice/Necromancy               6
Comestibles
 f - 56 rations


   Skills:
 + Level 17.8 Fighting
 - Level 7.1(12.6) Axes
 - Level 16.0(16.5) Maces & Flails
 - Level 15.0 Armour
 - Level 10.0 Dodging
 - Level 15.0 Shields
 - Level 10.0 Invocations


You had 16 spell levels left.
You didn't know any spells.

Dungeon Overview and Level Annotations

Branches:
Dungeon (15/15)            Temple (1/1) D:4            Lair (6/6) D:10
  Swamp (4/4) Lair:4       Spider (0/4) Lair:2        Slime (0/5) Lair:6
    Orc (1/2) D:12         Vaults (0/5) D:13         Depths (0/5) D:15

Altars:
Ashenzari
Cheibriados
Dithmenos
Elyvilon
Fedhas
Gozag
Hepliaklqana
Kikubaaqudgha
Makhleb
Nemelex Xobeh
Okawaru
Qazlal
Ru
Sif Muna
Trog
Uskayaw
Vehumet
Wu Jian
Xom
Yredelemnul
Zin
The Shining One

Shops:
D:6 *   D:8 *

Annotations:
Swamp:4 Jorgrun, Lernaean hydra


Innate Abilities, Weirdness & Mutations

((You reflexively headbutt those who attack you in melee.))
((You have a pair of horns on your head.))


Message History

The 27-headed Lernaean hydra bites you.
* * * LOW HITPOINT WARNING * * *
The 27-headed Lernaean hydra bites you but does no damage.
The 27-headed Lernaean hydra bites you but does no damage.
The 27-headed Lernaean hydra bites you!
* * * LOW HITPOINT WARNING * * *
The 27-headed Lernaean hydra bites you but does no damage.
The 27-headed Lernaean hydra bites you.
* * * LOW HITPOINT WARNING * * *
The 27-headed Lernaean hydra bites you but does no damage. x3
The 27-headed Lernaean hydra barely misses you.
The 27-headed Lernaean hydra bites you but does no damage. x6
The 27-headed Lernaean hydra barely misses you.
The 27-headed Lernaean hydra bites you but does no damage. x2
The 27-headed Lernaean hydra bites you!
* * * LOW HITPOINT WARNING * * *
The 27-headed Lernaean hydra bites you.
* * * LOW HITPOINT WARNING * * *
The 27-headed Lernaean hydra bites you!
You die...

≈≈,,,≈,≈≈≈≈*≈≈≈≈≈** *≈≈≈*,,,≈,,
≈≈≈≈≈*,,,,≈.#≈*≈,#### *≈≈≈≈≈,≈≈,,
,*≈≈≈≈≈≈≈≈≈.w.,*≈≈§≈##*≈*≈≈,,,≈,,
,≈,,,,,,,.?.≈.,,≈.≈≈≈*****≈≈,,,,≈
**≈*≈≈,≈≈≈≈≈≈≈≈##≈≈≈*****≈*≈≈≈≈≈,
≈**≈,≈,,,≈≈§.≈.#.≈≈## *≈≈≈,≈,#≈≈≈
****≈≈,≈≈.≈##≈.≈≈≈≈≈# **≈*,,≈...≈
* **,*,*,≈#≈≈≈.#≈≈≈≈##♣♣≈*,≈,.≈.≈
***≈≈≈,≈≈#k≈.≈.≈♣≈#**#≈.♣**≈,≈≈.≈
**,≈≈*≈≈*.≈≈≈≈.≈gD## *#≈.♣♣*§.≈..
*≈≈,,≈,≈≈##≈≈≈.≈≈≈§######.♣♣♣.≈..
*≈≈,,≈≈*≈≈≈.≈≈≈≈≈≈.≈.##...≈≈.)...
**≈≈≈≈,≈≈............≈...≈..(....
≈***≈≈*,≈≈≈D≈≈≈..≈.≈≈#≈≈..≈.(...≈
** ***≈≈≈≈.≈#≈≈≈#≈§≈####.♣≈.)).≈≈
* ****#≈####≈≈####*≈.♣♣♣[(.≈.≈
*** ###* *≈.♣♣♣♣♣[...≈.


You could see the 27-headed Lernaean hydra, Jorgrun, a swamp dragon (fleeing), a
swamp worm (fleeing) and a swamp drake (fleeing).

Vanquished Creatures
  Agnes (D:14)
  Kirke (Swamp:2)
  2 thorn hunters (Swamp:4)
  A fire giant (D:15)
  Louise (D:14)
  Nessos (D:13)
  A stone giant (Orc:1)
  A dire elephant (Lair:3)
  Azrael (D:13)
  Snorg (D:10)
  Erolcha (Orc:1)
  18 hydras
  Harold (D:10)
  A catoblepas (Lair:3)
  5 centaur warriors
  6 alligators
  A death knight (D:15)
  The ghost of BreadTh the Eclecticist, a journeyman SpWz of Gozag (D:13)
  4 two-headed ogres
  A tengu warrior (D:15)
  13 death yaks
  An orc high priest (Orc:1)
  A skeletal warrior (D:14)
  A spriggan druid (Swamp:4)
  A wizard (D:13)
  3 unseen horrors
  6 swamp dragons (Swamp:4)
  15 ugly things
  An orc knight (Orc:1)
  2 wolf spiders (Lair:6)
  An orc sorcerer (Orc:1)
  3 cyclopes
  A deep elf mage (D:15)
  4 centaur zombies
  2 manticores
  Maurice (D:11)
  A guardian serpent (Lair:6)
  10 black mambas
  4 molten gargoyles
  6 centaur skeletons
  An efreet (D:13)
  24 spiny frogs
  4 rime drakes
  2 freezing wraiths
  A kobold demonologist (D:14)
  7 komodo dragons
  A tengu conjurer (D:15)
  3 meliai (D:13)
  A hornet (shapeshifter) (D:15)
  7 trolls
  9 polar bears (Lair:6)
  4 tyrant leeches
  7 hornets
  2 bog bodies
  9 hippogriffs
  6 dream sheep
  A raiju (Lair:6)
  10 blink frogs
  A raiju (shapeshifter) (D:15)
  13 slime creatures
  15 spriggans
  2 shadows (D:15)
  2 redbacks (Lair:6)
  50 yaks
  18 wyverns
  3 wraiths
  6 fire elementals
  A hungry ghost (D:14)
  2 hogs (Swamp:2)
  4 basilisks
  14 vampire mosquitoes
  14 wargs
  5 swamp worms
  5 porcupines
  2 soldier ants
  25 water moccasins
  16 hell hounds
  9 swamp drakes
  3 ice beasts
  14 orc warriors
  13 black bears
  3 phantoms
  An eye of draining (D:11)
  2 sky beasts
  A necrophage (D:9)
  9 ogres
  3 boggarts (Lair:4)
  27 wolves
  16 centaurs
  9 crocodiles
  4 big kobolds
  Blork the orc (D:6)
  26 bullfrogs
  2 wyvern zombies
  2 wyvern skeletons
  3 scorpions
  A hornet simulacrum (D:15)
  3 killer bees (D:11)
  15 wights
  4 howler monkeys
  4 electric eels
  8 crimson imps
  A lava snake (D:10)
  2 quasits
  A bullfrog zombie (D:12)
  16 hounds
  6 jellies
  3 bullfrog skeletons
  9 orc priests
  13 orc wizards
  Jessica (D:2)
  2 iguanas
  5 worker ants
  A hound skeleton (D:7)
  7 gnolls
  10 adders
  A shadow imp (D:13)
  4 oozes
  An adder zombie (D:7)
  3 adder skeletons
  5 worms
  2 dart slugs
  2 leopard geckos
  67 orcs
  9 bats
  5 giant cockroaches
  5 goblins
  6 hobgoblins
  12 jackals
  11 kobolds
  2 quokkas (D:6)
  2 ball pythons
  5 frilled lizards
  A leopard gecko skeleton (D:5)
  A quokka zombie (D:7)
  13 rats
  3 briar patches (Swamp:4)
  2 plants (Lair:6)
846 creatures vanquished.

Vanquished Creatures (others)
  A basilisk (Lair:6)
  A centaur (D:8)
  7 fungi
  13 plants
  9 toadstools (Lair:3)
31 creatures vanquished.

Grand Total: 877 creatures vanquished

Notes
Turn   | Place    | Note
-------+----------+-------------------------------------------
     0 | D:1      | Kloppie the Minotaur Fighter began the quest for the Orb.
     0 | D:1      | Reached XP level 1. HP: 19/19 MP: 0/0
   167 | D:1      | Reached skill level 4 in Fighting
   167 | D:1      | Reached XP level 2. HP: 23/27 MP: 1/1
   346 | D:1      | Found a sparkling altar of Nemelex Xobeh.
   545 | D:2      | Reached XP level 3. HP: 34/34 MP: 2/2
   677 | D:2      | Noticed Jessica
   682 | D:2      | Killed Jessica
   731 | D:2      | Reached skill level 5 in Fighting
   731 | D:2      | Reached XP level 4. HP: 30/42 MP: 3/3
  1194 | D:2      | Found a radiant altar of Vehumet.
  1858 | D:3      | Reached XP level 5. HP: 40/48 MP: 4/4
  1882 | D:3      | Reached skill level 5 in Maces & Flails
  2028 | D:3      | Found a sacrificial altar of Ru.
  2156 | D:3      | Reached skill level 6 in Fighting
  2230 | D:3      | Noticed a black bear
  2239 | D:3      | Killed a black bear
  2239 | D:3      | Reached XP level 6. HP: 52/58 MP: 5/5
  2470 | D:4      | Reached skill level 7 in Fighting
  2661 | D:4      | Found a glowing silver altar of Zin.
  2697 | D:4      | Found a staircase to the Ecumenical Temple.
  2706 | Temple   | Entered the Ecumenical Temple
  2924 | Temple   | Became a worshipper of Warmaster Okawaru
  3128 | D:5      | Entered Level 5 of the Dungeon
  3351 | D:5      | Reached XP level 7. HP: 55/66 MP: 6/6
  3379 | D:5      | Got a warped flail
  3461 | D:5      | Identified the +7 flail of Trial by Ordeal {drain, *Noise Str+8} (You found it on level 5 of the Dungeon)
  4107 | D:6      | Found Isux's General Store.
  4115 | D:6      | Bought a scroll of magic mapping for 49 gold pieces
  4115 | D:6      | Bought a scroll of remove curse for 42 gold pieces
  4115 | D:6      | Bought a scroll of blinking for 105 gold pieces
  4170 | D:6      | Reached skill level 8 in Fighting
  4281 | D:6      | Reached * piety under Okawaru
  4460 | D:6      | Reached XP level 8. HP: 75/75 MP: 7/7
  4746 | D:6      | Noticed Blork the orc
  4753 | D:6      | Killed Blork the orc
  4938 | D:7      | Reached skill level 5 in Shields
  5139 | D:7      | Reached ** piety under Okawaru
  5197 | D:7      | Reached skill level 10 in Maces & Flails
  5362 | D:7      | Reached XP level 9. HP: 75/82 MP: 8/8
  5783 | D:7      | Found a shimmering altar of Xom.
  5783 | D:7      | Found a shimmering altar of Xom.
  5785 | D:7      | Found a shimmering altar of Xom.
  6049 | D:7      | Reached *** piety under Okawaru
  6140 | D:8      | Found Iluittil's General Store.
  6185 | D:8      | Reached skill level 10 in Shields
  6185 | D:8      | Reached XP level 10. HP: 83/90 MP: 9/9
  6186 | D:8      | Noticed a three-headed hydra
  6186 | D:8      | Reached **** piety under Okawaru
  6196 | D:8      | Killed a three-headed hydra
  6600 | D:9      | Found a bloodstained altar of Trog.
  6602 | D:9      | Found a blossoming altar of Fedhas.
  6682 | D:9      | Found a burning altar of Makhleb.
  6790 | D:9      | Found a sparkling altar of Nemelex Xobeh.
  7122 | D:10     | Entered Level 10 of the Dungeon
  7129 | D:10     | Noticed Snorg
  7142 | D:10     | Reached ***** piety under Okawaru
  7155 | D:10     | Killed Snorg
  7487 | D:10     | Noticed Harold
  7502 | D:10     | Killed Harold
  7502 | D:10     | Received a gift from Okawaru
  7502 | D:10     | Reached XP level 11. HP: 70/95 MP: 10/10
  7503 | D:10     | Found the +0 pair of fencer's gloves {+Riposte Dex+3}
  7546 | D:10     | Noticed Maurice
  7565 | D:11     | Killed Maurice
  7757 | D:11     | Found a flickering gateway to a bazaar.
  7767 | Bazaar   | Entered a bazaar
  7767 | Bazaar   | Found Luumul's Magic Scroll Shoppe.
  7777 | Bazaar   | Found Beastoo's Antique Armour Boutique.
  7788 | Bazaar   | Found Fizoc's General Store.
  7796 | Bazaar   | Found Keruoh's Gadget Emporium.
  7807 | Bazaar   | Found Ythi Ryc's Antique Weapon Boutique.
  7834 | Bazaar   | Bought a scroll of enchant weapon for 97 gold pieces
  7834 | Bazaar   | Bought a scroll of teleportation for 39 gold pieces
  7834 | Bazaar   | Bought a scroll of blinking for 97 gold pieces
  7834 | Bazaar   | Bought a scroll of blinking for 97 gold pieces
  8388 | D:10     | Reached skill level 9 in Fighting
  8475 | D:11     | Reached skill level 5 in Armour
  8800 | D:10     | Found a staircase to the Lair.
  9252 | D:11     | Found an ancient bone altar of Kikubaaqudgha.
  9481 | D:11     | Killed an unseen horror
  9699 | D:11     | Reached skill level 10 in Fighting
  9983 | Lair:1   | Entered Level 1 of the Lair of Beasts
 10196 | Lair:1   | Reached skill level 11 in Fighting
 10865 | Lair:2   | Reached XP level 12. HP: 76/110 MP: 7/11
 10881 | Lair:2   | Reached ****** piety under Okawaru
 10881 | Lair:2   | Received a gift from Okawaru
 10938 | Lair:2   | Noticed a five-headed hydra
 10949 | Lair:2   | Killed a five-headed hydra
 11547 | Lair:2   | Found a hole to the Spider Nest.
 11626 | Lair:2   | Noticed a six-headed hydra
 11644 | Lair:2   | Killed a six-headed hydra
 11644 | Lair:2   | Reached skill level 12 in Fighting
 11700 | Lair:2   | Reached skill level 10 in Armour
 12116 | Lair:3   | Noticed a death yak
 12126 | Lair:3   | Noticed an eight-headed hydra
 12132 | Lair:3   | Killed a death yak
 12132 | Lair:3   | Received a gift from Okawaru
 12132 | Lair:3   | Reached skill level 15 in Maces & Flails
 12142 | Lair:3   | Killed an eight-headed hydra
 12470 | Lair:3   | Found a runed door.
 13152 | Lair:3   | Noticed a catoblepas
 13152 | Lair:3   | Noticed a dire elephant
 13229 | Lair:3   | Killed a dire elephant
 13576 | Lair:3   | Killed a catoblepas
 13576 | Lair:3   | Reached XP level 13. HP: 103/118 MP: 9/12
 14126 | Lair:4   | Received a gift from Okawaru
 14613 | Lair:4   | Reached skill level 15 in Shields
 14625 | Lair:4   | Reached skill level 13 in Fighting
 15063 | Lair:4   | Reached skill level 14 in Fighting
 15500 | Lair:4   | Found a staircase to the Swamp.
 16190 | Lair:5   | Received a gift from Okawaru
 16190 | Lair:5   | Reached skill level 15 in Fighting
 16869 | D:12     | Received a gift from Okawaru
 16875 | D:12     | Reached skill level 1 in Invocations
 17067 | D:12     | Found a staircase to the Orcish Mines.
 17197 | D:12     | Got a pair of distressingly furry boots
 17198 | D:12     | Identified the +2 pair of boots "Cerezasa" {Regen+} (You found it on level 12 of the Dungeon)
 17311 | D:12     | Reached XP level 14. HP: 135/135 MP: 15/15
 17730 | D:13     | Noticed Azrael
 17842 | D:13     | Killed Azrael
 17892 | D:13     | Reached skill level 5 in Invocations
 17997 | D:13     | Noticed Nessos
 18026 | D:13     | Killed Nessos
 18280 | D:13     | Found a gate to the Vaults.
 18864 | D:13     | Noticed BreadTh's ghost (journeyman SpWz)
 18876 | D:13     | Killed BreadTh's ghost
 19117 | D:14     | Noticed Agnes
 19488 | Lair:6   | Entered Level 6 of the Lair of Beasts
 19551 | Lair:6   | Received a gift from Okawaru
 19772 | Lair:6   | Reached skill level 10 in Invocations
 20029 | Lair:6   | Received a gift from Okawaru
 20490 | Lair:6   | Found a staircase to the Slime Pits.
 20618 | Lair:6   | Reached XP level 15. HP: 135/141 MP: 19/21
 20909 | Lair:6   | Got a vibrating steel ring
 20910 | Lair:6   | Identified the ring of Curiosity {*Corrode +Blink rF+ rN++ Int+2} (You found it on level 6 of the Lair of Beasts)
 21223 | Lair:6   | Received a gift from Okawaru
 21224 | Lair:6   | Got a fine scale mail {god gift}
 21235 | Lair:6   | Identified the +1 scale mail of Divine Intervention {rC+} (Okawaru gifted it to you on level 6 of the Lair of Beasts)
 21813 | Orc:1    | Entered Level 1 of the Orcish Mines
 21821 | Orc:1    | Noticed Erolcha
 21831 | Orc:1    | Killed Erolcha
 22392 | D:14     | Reached skill level 15 in Armour
 22400 | D:14     | Reached skill level 1 in Dodging
 22435 | D:14     | Killed Agnes
 22598 | D:14     | Noticed Louise
 22618 | D:14     | Killed Louise
 22692 | D:14     | Reached skill level 5 in Dodging
 23174 | D:15     | Entered Level 15 of the Dungeon
 23196 | D:15     | Reached XP level 16. HP: 149/149 MP: 22/22
 23271 | D:15     | Found a staircase to the Depths.
 23342 | D:14     | Reached skill level 10 in Dodging
 23611 | D:15     | Received a gift from Okawaru
 23631 | D:15     | Got a distressingly furry hat {god gift}
 23637 | D:15     | Identified the +1 hat of the Disturbing Dances {-Tele Str+6 SInv} (Okawaru gifted it to you on level 15 of the Dungeon)
 23670 | D:15     | Reached skill level 16 in Fighting
 23994 | D:15     | Reached skill level 1 in Axes
 24039 | D:15     | Reached XP level 17. HP: 143/158 MP: 20/23
 24725 | Swamp:1  | Entered Level 1 of the Swamp
 24852 | Swamp:2  | Noticed Kirke
 24856 | Swamp:2  | Reached skill level 5 in Axes
 24863 | Swamp:2  | Killed Kirke
 24997 | Swamp:4  | Entered Level 4 of the Swamp
 25269 | Swamp:4  | Noticed Jorgrun
 25322 | Swamp:4  | Reached skill level 17 in Fighting
 25441 | Swamp:4  | Received a gift from Okawaru
 25584 | Swamp:4  | Noticed the 27-headed Lernaean hydra
 25602 | Swamp:4  | HP: 10/244 [the 27-headed Lernaean hydra (10)]
 25605 | Swamp:4  | Slain by the 27-headed Lernaean hydra

Skill      XL: |  1  2  3  4  5  6  7  8  9 10 11 12 13 14 15 16 17 |
---------------+----------------------------------------------------+-----
Fighting       | 4 5 6 7 8 11 12 15 16 17 | 17.8
Maces & Flails | 3 4 5 6 8 10 12 13 14 15 16 | 16.0
Shields        | 7 10 12 14 15 | 15.0
Armour         | 8 10 12 15 | 15.0
Invocations    | 3 10 | 10.0
Dodging        | 9 10 | 10.0
Axes           | 3 7 |  7.1

Action                   |  1- 3 |  4- 6 |  7- 9 | 10-12 | 13-15 | 16-18 || total
-------------------------+-------+-------+-------+-------+-------+-------++-------
Melee: Flail             |    51 |   155 |   197 |   149 |       |       ||   552
       Headbutt          |     8 |    28 |    36 |   135 |   396 |   139 ||   742
       Morningstar       |       |       |       |   403 |  1496 |   422 ||  2321
       War axe           |       |       |       |       |       |     4 ||     4
Invok: Heroism           |       |       |       |     3 |     4 |       ||     7
  Use: Potion            |       |     1 |       |     7 |     4 |     4 ||    16
       Scroll            |       |       |    14 |    11 |    10 |     2 ||    37
  Eat: Chunk             |       |     7 |    10 |    18 |    28 |     4 ||    67
       Ration            |       |       |       |     2 |     1 |     2 ||     5
Armor: Scale mail        |    23 |    79 |    45 |    43 |       |       ||   190
       Plate armour      |       |       |       |   173 |   533 |   215 ||   921
       Skin              |       |       |       |    20 |       |   364 ||   384
Dodge: Dodged            |    30 |   106 |    41 |    87 |   292 |   197 ||   753
       Deflected         |       |       |       |       |     4 |       ||     4
Block: Shield            |       |       |    90 |   320 |  1073 |   381 ||  1864
       Reflection        |       |       |     4 |     9 |       |       ||    13
       Rpst.: Morningstar |       |       |       |    12 |    71 |    19 ||   102
       Flail             |       |       |       |     2 |       |       ||     2
